Map: King Sejong Station LE

Players

Fropez

  • Race: Protoss Protoss
  • League: Gold
  • Spawn Location: 5:00

ESYSB - Winner!

  • Race: Zerg Zerg
  • League: Gold
  • Spawn Location: 11:00

VOD

Have the link to the VOD?

Description

Time

  • Played on: Nov. 7, 2016, 10:48 a.m.
  • Length: 4:09
Show
View Real Time Build Order
Export as new Build Order

Fropez Protoss 

Build Orders:  

Get SALT Encoding   

  12  0:01  Probe (Chrono Boost)  
  13  0:12  Probe (Chrono Boost)  
  14  0:18  Pylon  
  14  0:24  Probe (Chrono Boost)  
  15  0:36  Probe (Chrono Boost)  
  15  0:40  Gateway  
  16  0:46  Probe (Chrono Boost)  
  17  0:51  Assimilator  
  17  0:55  Pylon  
  17  0:58  Probe (Chrono Boost)  
  18  1:10  Gateway  
  18  1:12  Probe (Chrono Boost)  
  19  1:21  Assimilator  
  19  1:23  Probe (Chrono Boost)  
  20  1:35  Probe (Chrono Boost)  
  20  1:36  Cybernetics Core  
  21  1:46  Probe (Chrono Boost)  
  22  2:13  Robotics Facility  
  22  2:14  Probe (Chrono Boost)  
  23  2:26  Adept x2  
  27  3:00  Immortal  
  31  3:25  Pylon  
  31  3:41  Pylon  
  31  3:43  Mothership Core (Chrono Boost)  
Show
View Real Time Build Order
Export as new Build Order

ESYSB Zerg - Winner!

Build Orders: Pool First 

Get SALT Encoding   

  12  0:06  Drone  
  13  0:16  Overlord  
  13  0:31  Spawning Pool  
  13  0:35  Drone  
  13  0:40  Drone  
  14  0:50  Drone  
  14  0:52  Drone  
  16  1:20  Zergling x2, Hatchery  
  16  1:21  Zergling x2  
  16  1:24  Zergling x2  
  18  1:32  Zergling x2  
  19  1:38  Queen  
  21  2:02  Hatchery  
  20  2:09  Overlord  
  20  2:43  Drone  
  20  2:44  Drone  
  22  2:45  Queen  
  22  2:47  Queen  
  22  2:48  Drone x2  
  28  2:58  Spine Crawler  
  26  3:07  Zergling x2  
  26  3:08  Spine Crawler  
  25  3:16  Zergling x4  
  27  3:21  Zergling x4  
  29  3:32  Zergling x4  
  29  3:33  Zergling x2  
  32  3:41  Drone  
  32  3:46  Drone  
  32  3:47  Drone x2  
Tags
 
League
GoldGold
Matchup
PvZ
Opening
Pool First
Replay Pack
All Mines
Spawn Locations
Cross Positions
Add a new tag
Caveats
  • Supply blocks, unpowered buildings, or Contaminate may cause inaccurate times.
  • Supply counts are checked every 10 seconds.